AoeStats
← ben6496

Fortress

510130889Analyzed
3v3 RM · 3d ago on Sep 29, 2026· 31m 20s· 6 players
Game mode
Random Map
Map size
Large (8 player)
Population
200
Speed
Normal
Resources
Standard
Victory
Conquest
Starting age
Dark Age
Ending age
Imperial Age
RankedLock teamsTeams togetherTeam positionsShared explorationLock speedFull tech treeHidden civsTurbo modeCheats
Victory
Defeat
🇬🇧 Britons · United Kingdom
931
+10
🇬🇧 Goths · United Kingdom
894
+11
🇬🇧 Persians · United Kingdom
796
+16
🇫🇷 Khmer · France
801
-12
🇪🇸 Huns · Spain
797
-13
🇨🇦 Mongols · Canada
777
-12
markihuana
8:55 Feudal Age
15:07 Horse Collar
18:13 Castle Age
18:26 Double-Bit Axe
18:38 Gold Mining
19:28 Bow Saw
19:22 Heavy Plow
21:59 Gold Shaft Mining
25:04 Wheelbarrow
27:16 Hand Cart
26:46 Town Watch
27:09 Caravan
31:26 Imperial Age
29:27 Husbandry
29:38 Scale Barding Armor
31:19 Bloodlines
iodure
8:41 Feudal Age
13:39 Castle Age
12:23 Double-Bit Axe
12:22 Horse Collar
16:03 Husbandry
22:01 Imperial Age
21:01 Bloodlines
22:06 Heavy Plow
23:40 Wheelbarrow
22:50 Pikeman
24:33 Loom
25:34 Tusk Swords
27:27 Hand Cart
26:53 Halberdier
27:52 Town Watch
28:46 Forging
28:44 Scale Barding Armor
29:01 Caravan
30:44 Town Patrol
30:54 Double Crossbow
DeVinci_Qc
0:56 Loom
6:53 Feudal Age
7:43 Double-Bit Axe
7:43 Horse Collar
11:44 Wheelbarrow
14:33 Stone Mining
14:34 Gold Mining
16:48 Castle Age
17:54 Bow Saw
17:46 Heavy Plow
18:42 Gold Shaft Mining
20:52 Forging
24:06 Hand Cart
30:28 Imperial Age
27:45 Town Watch
29:28 Town Patrol
29:54 Fortified Wall
29:55 Masonry
ben6496
8:44 Feudal Age
10:16 Horse Collar
10:28 Double-Bit Axe
11:22 Gold Mining
11:23 Stone Mining
13:18 Fletching
13:29 Scale Mail Armor
13:41 Forging
13:32 Padded Archer Armor
14:33 Wheelbarrow
15:45 Town Watch
19:41 Castle Age
21:28 Bow Saw
21:22 Heavy Plow
22:00 Gold Shaft Mining
21:24 Bodkin Arrow
21:44 Chain Mail Armor
21:58 Crossbowman
22:42 Squires
22:28 Arson
22:24 Pikeman
25:19 Iron Casting
29:38 Hand Cart
Tabsky ಠ_ಠ
7:30 Feudal Age
12:40 Castle Age
11:20 Double-Bit Axe
11:20 Horse Collar
12:40 Wheelbarrow
12:13 Loom
12:43 Scale Mail Armor
12:41 Gold Mining
13:19 Forging
15:24 Bow Saw
17:54 Hand Cart
17:25 Town Watch
17:58 Chain Mail Armor
25:18 Imperial Age
22:52 Pikeman
24:57 Iron Casting
26:13 Anarchy
27:07 Capped Ram
28:05 Stone Mining
29:35 Squires
30:37 Blast Furnace
30:12 Heavy Plow
31:07 Perfusion
sheepnumber12
7:27 Feudal Age
8:20 Double-Bit Axe
8:22 Horse Collar
14:38 Castle Age
15:27 Husbandry
15:39 Bloodlines
18:54 Forging
18:50 Scale Barding Armor
23:45 Pikeman
24:26 Squires
Connection lost

Rejoining the realm…

Still unreachable

The connection could not be restored.

Session expired

The server has moved on; the page needs a fresh start.